 Dungeon Crawl Stone Soup version 0.30-a0-168-g0b976cbdc4 (webtiles) character file.

Game seed: 6681891504936220126

30 LnG the Caller (level 3, 0/19 HPs)
             Began as a Kobold Summoner on Sept 29, 2022.
             Slain by a worm (11 damage)
             ... on level 2 of the Dungeon.
             The game lasted 00:02:17 (1241 turns).

LnG the Caller (Kobold Summoner)                    Turns: 1241, Time: 00:02:18

Health: 0/19       AC:  2    Str:  5    XL:     3   Next: 35%
Magic:  4/6        EV: 15    Int: 18    God:
Gold:   82         SH:  0    Dex: 15    Spells: 0/6 levels left

rFire   . . .      SeeInvis .    d - +0 short sword
rCold   . . .      Faith    .    (no shield)
rNeg    . . .      Spirit   .    a - +0 robe
rPois   .          Reflect  .    (no helmet)
rElec   .          Harm     .    (no cloak)
rCorr   .          Rampage  .    (no gloves)
Will    .....                    (no boots)
Stlth   +++.......               (no amulet)
HPRegen 0.06/turn                (no ring)
MPRegen 0.10/turn                (no ring)

@: no status effects
A: small, no large weapons, nightstalker 3
a: no special abilities


You were on level 2 of the Dungeon.
You visited 1 branch of the dungeon, and saw 2 of its levels.

You collected 82 gold pieces.

Inventory:

Hand Weapons
 d - a +0 short sword (weapon)
Armour
 a - a +0 robe (worn)
Scrolls
 c - a scroll of teleportation {unknown}
 e - a scroll of fog {unknown}
 g - a scroll of enchant weapon {unknown}
 i - 3 scrolls of identify {unknown}
 j - 4 scrolls of vulnerability {unknown}
Potions
 b - a potion of magic
 f - a potion of degeneration {unknown}
 h - 3 potions of berserk rage {unknown}


   Skills:
 + Level 1.2 Short Blades
 + Level 2.4 Dodging
 + Level 3.4 Stealth
 + Level 2.3 Spellcasting
 + Level 4.5 Summonings


You couldn't memorise any spells.
You knew the following spells:

 Your Spells              Type           Power      Damage    Failure   Level
a - Summon Small Mammal   Summ           72%        N/A       2%          1
b - Call Imp              Summ           18%        N/A       4%          2
c - Call Canine Familiar  Summ           18%        N/A       9%          3

Your spell library contained the following spells:

 Spells                   Type           Power      Damage    Failure   Level
 Kiss of Death            Conj/Necr      8%         2d6       19%         1
 Summon Guardian Golem    Hex/Summ       10%        N/A       21%         3
 Confusing Touch          Hex            2%         N/A       47%         3
 Summon Lightning Spire   Summ/Air       10%        N/A       56%         4
 Dispel Undead            Necr           2%         3d7       87%         4


Dungeon Overview and Level Annotations

Branches:
Dungeon (2/15)

Altars:


Innate Abilities, Weirdness & Mutations

You are small and have problems with some larger weapons.
You are completely attuned to the shadows.


Message History

The adder is almost dead.
The adder closely misses you.
You closely miss the adder.
The adder is almost dead.
The adder closely misses you. The adder barely misses you.
You hit the adder.
You kill the adder!
You have reached level 3!
Your experience leads to an increase in your attributes!
Increase (S)trength, (I)ntelligence, or (D)exterity?
You feel clever. x2
This spell is extremely dangerous to cast!
Memorise Call Canine Familiar, consuming 3 spell levels and leaving 0?
You start memorising the spell.
You continue memorising. x3
You finish memorising.
Spell assigned to 'c'.
HP restored.
A hobgoblin comes into view.
The helpless hobgoblin fails to defend itself.
You puncture the hobgoblin!
You kill the hobgoblin!
You see here a hobgoblin corpse.
A worm comes into view.
The helpless worm fails to defend itself.
You puncture the worm!
The worm is severely wounded.
Casting: Call Imp (safe; 4% risk of failure)
Confirm with . or Enter, or press ? or * to list all spells.
The spell is extremely dangerous to miscast (9% risk of failure)!
Continue anyway?
Okay, then.
Casting: Call Canine Familiar (extremely dangerous; 9% risk of failure)
Confirm with . or Enter, or press ? or * to list all spells.
A beastly little devil appears in a puff of flame.
The worm bites you!
You hit the worm.
The worm is almost dead.
You hit the worm but do no damage.
The worm is almost dead.
The worm bites you!
Ouch! That really hurt!
You die...

♣♣♣ ♣♣..
♣♣♣♣..♣
...w..♣
♣..@♣
♣.5.♣♣♣♣
♣♣.....♣♣
...♣♣♣♣.♣♣
.♣♣♣ ♣♣.♣
♣♣.♣ ♣♣..♣
♣.♣♣♣
♣♣♣.♣♣


You could see a worm (ally target) and a friendly crimson imp (summoned).

Vanquished Creatures
  An adder (D:2)
  3 ball pythons
  2 endoplasms (D:1)
  A goblin (D:1)
  2 hobgoblins
  A kobold (D:2)
  2 quokkas (D:1)
  2 bats (D:1)
  2 frilled lizards (D:1)
  A rat (D:1)
17 creatures vanquished.

Vanquished Creatures (collateral kills)
  A goblin (D:1)
  A ball python (D:1)
2 creatures vanquished.

Vanquished Creatures (others)
  11 plants (D:1)
11 creatures vanquished.

Grand Total: 30 creatures vanquished

Notes
Turn   | Place    | Note
-------+----------+-------------------------------------------
     0 | D:1      | LnG the Kobold Summoner began the quest for the Orb.
     0 | D:1      | Reached XP level 1. HP: 10/10 MP: 3/3
   439 | D:1      | Reached XP level 2. HP: 15/15 MP: 5/5
   442 | D:1      | Learned a level 2 spell: Call Imp
   702 | D:1      | Reached skill level 1 in Short Blades
  1180 | D:2      | Reached XP level 3. HP: 18/19 MP: 6/6
  1184 | D:2      | Learned a level 3 spell: Call Canine Familiar
  1241 | D:2      | Slain by a worm

Illustrated notes

Levels and vault maps discovered:
D:1:      roderic_crop_circles_arrival_small, layout_basic,
          minmay_misc_feat_rows, minmay_tetromino_l2
D:2:      kb_forest_paths, layout_basic

Skill      XL: |  1  2 |
---------------+-------+-----
Stealth        | 3 |  3.4
Short Blades   | 1 |  1.2
Dodging        | |  2.4
Spellcasting   | |  2.3
Summonings     | |  4.5

Action                   || total
-------------------------++-------
Melee: Short sword       ||    35
 Cast: Summon Small Mamm ||     2
       Call Imp          ||     2
 Stab: Sleeping          ||    15
Armor: Robe              ||     1
Dodge: Dodged            ||    16

Table legend: (Time is in decaauts)
 A = Elapsed time spent in this place.
 B = Non-inter-level travel time spent in this place.
 C = Inter-level travel time spent in this place.
 D = Time resting spent in this place.
 E = Time spent auto-exploring this place.
 F = Levels seen in this place.
 G = Mean time per level.
                   A        B        C        D        E       F      G
               +--------+--------+--------+--------+--------+-----+--------+
         Total |   1239 |   1078 |    161 |      2 |    946 |   2 |  619.5 |
       Dungeon |   1239 |   1078 |    161 |      2 |    946 |   2 |  619.5 |
               +--------+--------+--------+--------+--------+-----+--------+

Top non-repeatable levels by time:
     D:1: 1110 daAuts
     D:2: 129 daAuts
